[Event "51st La Roda Open 2025"]
[Site "La Roda"]
[Date "2025.04.18"]
[Round "6.2"]
[White "Lopez Martinez, Josep Manuel"]
[Black "Albornoz Cabrera, Carlos Daniel"]
[Result "1/2-1/2"]
[Annotator "TA"]
[ECO "D39"]
[WhiteElo "2460"]
[BlackElo "2561"]
[PlyCount "40"]
[EventDate "2025.04.15"]
[EventType "swiss"]
[EventCountry "ESP"]
[SourceTitle "playchess.com"]
[Source "ChessBase"]
[SourceQuality "1"]
[TimeControl "5400+30"]

1. d4 Nf6 2. c4 e6 3. Nf3 d5 4. Nc3 Bb4 5. Bg5 dxc4 6. e4 h6 7. Bxf6 Qxf6 8. Bxc4 c5 9. O-O {[%emt 0:00:21] aiming for Nb5. D39: Queen's Gambit Declined: Ragozin Defence with 5 Bg5 dxc4.} cxd4 10. Nb5 Qe7 {[%emt 0:00:53] Prevents Nc7+} 11. Qxd4 {[%emt 0:00:09] White has an edge.} O-O 12. Nxa7 Bc5 {[%emt 0:00:29] Black is weak on the light squares} 13. Nxc8 Rxc8 14. Qd3 Rd8 15. Qe2 Nc6 16. Rad1 Rxd1 17. Rxd1 Rd8 18. Rxd8+ {[%emt 0:11:02] White is slightly better.} Qxd8 19. g3 g5 $146 (19... Nd4 20. Nxd4 Qxd4 21. Kg2 g5 22. a3 h5 23. h3 Kf8 24. a4 b6 25. b3 g4 26. hxg4 hxg4 {½-½ Fridman,D (2608)-Meier,G (2628) Dortmund GER Grand Prix 2021 (9)}) 20. h3 Nd4 {[%emt 0:10:18] Weighted Error Value: White=0.01 (flawless) /Black=0.03 (flawless)   OK:         	White=6     	Black=6      Best:        	White=1     	---} 1/2-1/2

[Event "51st La Roda Open 2025"]
[Site "La Roda"]
[Date "2025.04.18"]
[Round "6.3"]
[White "Gumularz, Szymon"]
[Black "Suleymenov, Alisher"]
[Result "1-0"]
[Annotator "TA"]
[ECO "C43"]
[WhiteElo "2604"]
[BlackElo "2478"]
[PlyCount "59"]
[EventDate "2025.04.15"]
[EventType "swiss"]
[EventCountry "ESP"]
[SourceTitle "playchess.com"]
[Source "ChessBase"]
[SourceQuality "1"]
[TimeControl "5400+30"]

1. e4 e5 2. Nf3 Nf6 3. d4 Nxe4 4. dxe5 d5 5. Nbd2 Nxd2 6. Bxd2 {[%emt 0:00:05] C43: Petroff Defence: 3 d4.} Be7 7. Bd3 c5 8. c3 {[%emt 0:00:15] The position is equal.} Nc6 9. O-O Bg4 (9... g5 $11) 10. Re1 $14 Qd7 11. h3 Bh5 12. Bf4 Qe6 13. Be2 O-O 14. Qd2 Bg6 (14... Rfe8 $5) 15. Rad1 Be4 16. Ng5 $1 Bxg5 17. Bxg5 d4 18. Qf4 $146 (18. f4 $14) (18. Bf1 Qg6 19. Qf4 Bc2 20. Rd2 Rae8 21. Bh4 Kh8 22. f3 a6 23. Bf2 Rd8 24. Rc1 {1-0 Firouzja,A (2770)-Najer,E (2654) FIDE Grand Swiss 2021 (7)}) 18... Bg6 (18... Bf5 19. Bg4 Bxg4 20. Qxg4 Qxg4 21. hxg4 dxc3 22. bxc3 Rfe8) 19. Bg4 {[%emt 0:29:03] A strong pair of Bishops.} (19. cxd4 {simplifies} Nxd4 20. Bg4 Qc6 21. Rxd4 cxd4 22. Qxd4 Qb6 23. Qxb6 axb6 24. a3) 19... Qxa2 20. e6 Qxb2 21. e7 Rfe8 22. Bd7 {[%emt 0:00:44] [#]} (22. cxd4 $15 cxd4 (22... h6 23. d5 $16) 23. Bd7) 22... Qxc3 (22... h6 $1 $17 23. Bh4 (23. Bxe8 hxg5 24. Bxf7+ Bxf7 $17) 23... d3) 23. Qc7 $15 {[%emt 0:01:42][%cal Oc7b7] [#]} f6 $1 24. Qxb7 Ne5 $1 {[%emt 0:01:47] Strongly threatening ...Nxd7.} (24... Nxe7 $2 {is the wrong capture.} 25. Bxe8 (25. Rxe7 fxg5 26. Rxe8+ Rxe8 $18) 25... Rxe8 26. Bf4 $18 (26. Rxe7 fxg5 27. Rxe8+ Bxe8 $18) (26. Bxf6 gxf6 27. Rxe7 Rxe7 $16)) 25. Qd5+ Bf7 26. Be6 $36 {[%emt 0:00:09][%mdl 2048] White is more active. Some like it hot} Qc2 $2 {[%emt 0:00:02][%mdl 8192] Loses the game.} (26... Bxe6 $11 27. Qxe6+ Nf7) 27. Bxf7+ $18 {[%emt 0:00:40] White is clearly winning.} Nxf7 {[%emt 0:02:44] [#]} 28. Qxa8 $1 Qa4 29. Qd5 fxg5 30. Qxc5 {[%emt 0:00:14] Weighted Error Value: White=0.12 (very precise) /Black=0.31  Loses game:     	---       	Black=1      Mistake:       	White=2     	Black=2      Inaccurate:     	White=2     	Black=2      OK:         	White=12    	Black=10     Best:        	White=2     	Black=2      Strong:       	White=1     	Black=1} 1-0

[Event "51st La Roda Open 2025"]
[Site "La Roda"]
[Date "2025.04.18"]
[Round "6.4"]
[White "Goncalves, Samuel Jesus P"]
[Black "Kanov, Nikola"]
[Result "1/2-1/2"]
[Annotator "RC"]
[ECO "A04"]
[WhiteElo "2248"]
[BlackElo "2413"]
[PlyCount "51"]
[EventDate "2025.04.15"]
[EventType "swiss"]
[EventCountry "ESP"]
[SourceTitle "playchess.com"]
[Source "ChessBase"]
[SourceQuality "1"]
[TimeControl "5400+30"]

1. c4 e5 2. g3 c5 3. Bg2 Nc6 4. Nc3 d6 5. Nf3 f5 6. d3 Nf6 7. O-O Be7 8. Ne1 O-O 9. Nc2 Be6 10. Ne3 f4 11. Ned5 fxg3 12. fxg3 Qd7 13. Nxe7+ Nxe7 14. Bg5 Bh3 15. Bxf6 gxf6 16. Ne4 Bxg2 17. Kxg2 f5 18. Nc3 f4 19. e4 Ng6 20. Nd5 Rf7 21. Qh5 Raf8 22. b3 Kh8 23. Rad1 b5 24. Kg1 Qc6 25. Rd2 Qb7 26. Rdf2 1/2-1/2

[Event "51st La Roda Open 2025"]
[Site "La Roda"]
[Date "2025.04.18"]
[Round "6.5"]
[White "Gomez Falagan, Daniel"]
[Black "Valmana Canto, Jaime"]
[Result "1/2-1/2"]
[Annotator "RC"]
[ECO "E94"]
[WhiteElo "2254"]
[BlackElo "2385"]
[PlyCount "84"]
[EventDate "2025.04.15"]
[EventType "swiss"]
[EventCountry "ESP"]
[SourceTitle "playchess.com"]
[Source "ChessBase"]
[SourceQuality "1"]
[TimeControl "5400+30"]

1. d4 Nf6 2. c4 g6 3. Nc3 Bg7 4. e4 d6 5. Nf3 O-O 6. Be2 e5 7. Be3 Nbd7 8. O-O Re8 9. Qc2 exd4 10. Nxd4 c6 11. Rad1 Nc5 12. Nxc6 Qc7 13. Nxa7 Rxa7 14. Nb5 Qa5 15. Nxa7 Qxa7 16. b4 Qa4 17. Qxa4 Nxa4 18. f3 Nc3 19. Rd2 Be6 20. Rc1 Nxe2+ 21. Rxe2 Nd7 22. Rd2 Ne5 23. Rxd6 Bf8 24. Rb6 Nd3 25. Rb1 Bxc4 26. Rxb7 Bxa2 27. Ra1 Be6 28. b5 f5 29. b6 f4 30. Bf2 Nxf2 31. Kxf2 Bc5+ 32. Ke2 Bd5 33. Rd7 Bc4+ 34. Ke1 Bxb6 35. Rb1 Ba5+ 36. Kf2 Bc3 37. Rbb7 Ra8 38. g3 Ra2+ 39. Kg1 Ra1+ 40. Kg2 Ra2+ 41. Kg1 Ra1+ 42. Kg2 Ra2+ 1/2-1/2

[Event "51st La Roda Open 2025"]
[Site "La Roda"]
[Date "2025.04.18"]
[Round "6.6"]
[White "Yordanov, Lachezar"]
[Black "Aishwin Daniel"]
[Result "1/2-1/2"]
[Annotator "ChessBase"]
[ECO "A84"]
[WhiteElo "2364"]
[BlackElo "2236"]
[PlyCount "43"]
[EventDate "2025.04.15"]
[EventType "swiss"]
[EventCountry "ESP"]
[SourceTitle "playchess.com"]
[Source "ChessBase"]
[SourceQuality "1"]
[TimeControl "5400+30"]

1. d4 e6 2. c4 f5 3. e3 Bb4+ 4. Bd2 Bxd2+ 5. Qxd2 Nf6 6. Bd3 b6 7. Nc3 Bb7 8. f3 Nc6 9. Nge2 O-O 10. O-O d5 11. Nf4 Qd7 12. cxd5 Nxd5 13. Ncxd5 exd5 14. Bb5 Qd6 15. Bxc6 Bxc6 16. a4 Bb7 17. Rfc1 c5 18. Nd3 c4 19. Ne5 a6 20. b4 Rac8 21. f4 Rc7 22. Ra2 1/2-1/2

[Event "51st La Roda Open 2025"]
[Site "La Roda"]
[Date "2025.04.18"]
[Round "6.7"]
[White "Sierra Vallina, Lionel"]
[Black "Abdsattar, Alisher"]
[Result "1-0"]
[Annotator "ChessBase"]
[ECO "C70"]
[WhiteElo "2342"]
[BlackElo "2126"]
[PlyCount "83"]
[EventDate "2025.04.15"]
[EventType "swiss"]
[EventCountry "ESP"]
[SourceTitle "playchess.com"]
[Source "ChessBase"]
[SourceQuality "1"]
[TimeControl "5400+30"]

1. e4 e5 2. Nf3 Nc6 3. Bb5 a6 4. Ba4 Bc5 5. c3 Nge7 6. d4 exd4 7. cxd4 Bb4+ 8. Bd2 Bxd2+ 9. Qxd2 d5 10. exd5 Nxd5 11. Bxc6+ bxc6 12. O-O O-O 13. Ne5 Qd6 14. Nc3 Ne7 15. Ne4 Qd5 16. Nc3 Qd6 17. Rfe1 Bf5 18. Nc4 Qd7 19. Na4 Rfe8 20. Nc5 Qd8 21. Re3 Nd5 22. Rxe8+ Qxe8 23. Re1 Qd8 24. Na5 Qf6 25. Qe2 g6 26. Qe5 Qd6 27. a3 Nf4 28. b4 f6 29. Qxd6 cxd6 30. Ncb7 Nd3 31. Re3 g5 32. Nxd6 Bg6 33. Nxc6 Nf4 34. Ne7+ Kf8 35. g3 Nh5 36. Nxg6+ hxg6 37. Nb7 Ng7 38. Nc5 Kf7 39. g4 f5 40. f3 Ne8 41. Re6 Nf6 42. Rxa6 1-0

[Event "51st La Roda Open 2025"]
[Site "La Roda"]
[Date "2025.04.18"]
[Round "6.8"]
[White "Santos, Antonio P"]
[Black "Centron Antuna, Daniel"]
[Result "0-1"]
[Annotator "ChessBase"]
[ECO "E16"]
[WhiteElo "2152"]
[BlackElo "2299"]
[PlyCount "76"]
[EventDate "2025.04.15"]
[EventType "swiss"]
[EventCountry "ESP"]
[SourceTitle "playchess.com"]
[Source "ChessBase"]
[SourceQuality "1"]
[TimeControl "5400+30"]

1. d4 Nf6 2. c4 e6 3. Nf3 b6 4. g3 Bb4+ 5. Bd2 Bxd2+ 6. Qxd2 Bb7 7. Bg2 O-O 8. O-O d6 9. Nc3 Ne4 10. Qc2 Nxc3 11. Qxc3 a5 12. b3 Nd7 13. Rfd1 Qe7 14. Qc2 f5 15. Rac1 Be4 16. Qd2 Rae8 17. a3 Nf6 18. b4 axb4 19. axb4 b5 20. d5 bxc4 21. dxe6 Bd5 22. Nd4 Bxe6 23. Bc6 Ne4 24. Qe3 Bd7 25. Rxc4 Bxc6 26. Rxc6 f4 27. gxf4 Qh4 28. f5 Rf6 29. h3 Rh6 30. Rxc7 Rh5 31. Ne6 Rxf5 32. Rxg7+ Kh8 33. Rg4 Qxf2+ 34. Qxf2 Nxf2 35. Ng7 Nxh3+ 36. Kg2 Rxe2+ 37. Kxh3 Rf3+ 38. Rg3 Rxg3+ 0-1

[Event "51st La Roda Open 2025"]
[Site "La Roda"]
[Date "2025.04.18"]
[Round "6.9"]
[White "Gonzalez Castillo, Jose Javier"]
[Black "Hernandez Leon, Sergio"]
[Result "1-0"]
[Annotator "ChessBase"]
[ECO "B22"]
[WhiteElo "2297"]
[BlackElo "2123"]
[PlyCount "51"]
[EventDate "2025.04.15"]
[EventType "swiss"]
[EventCountry "ESP"]
[SourceTitle "playchess.com"]
[Source "ChessBase"]
[SourceQuality "1"]
[TimeControl "5400+30"]

1. e4 c5 2. c3 d5 3. exd5 Qxd5 4. d4 Nc6 5. Nf3 Nf6 6. Be3 cxd4 7. cxd4 e6 8. Nc3 Bb4 9. Bd3 O-O 10. O-O Bxc3 11. bxc3 b6 12. Re1 Bb7 13. Qc2 Rac8 14. Rab1 Na5 15. Bg5 Qc6 16. Rbc1 h6 17. Bxf6 gxf6 18. Qd2 Kg7 19. Qf4 Rh8 20. Re3 Qc7 21. Qg4+ Kf8 22. Nh4 h5 23. Qh3 Qf4 24. Qxe6 Nc6 25. Bc4 Rc7 26. Qxf7+ 1-0

[Event "51st La Roda Open 2025"]
[Site "La Roda"]
[Date "2025.04.18"]
[Round "6.10"]
[White "Buendia Pinar, Alvaro"]
[Black "Del Rosario Silva, Dexnisi"]
[Result "1-0"]
[Annotator "ChessBase"]
[ECO "D66"]
[WhiteElo "2322"]
[BlackElo "2013"]
[PlyCount "83"]
[EventDate "2025.04.15"]
[EventType "swiss"]
[EventCountry "ESP"]
[SourceTitle "playchess.com"]
[Source "ChessBase"]
[SourceQuality "1"]
[TimeControl "5400+30"]

1. d4 Nf6 2. c4 e6 3. Nc3 d5 4. Bg5 c6 5. e3 Nbd7 6. Nf3 Be7 7. Rc1 h6 8. Bh4 O-O 9. Bd3 dxc4 10. Bxc4 b5 11. Bd3 Bb7 12. O-O b4 13. Bxf6 Nxf6 14. Ne4 Nxe4 15. Bxe4 Rc8 16. Ne5 Bd6 17. f4 Bxe5 18. fxe5 Ba6 19. Re1 c5 20. dxc5 Qa5 21. Qd6 Rfd8 22. Qe7 Bb5 23. c6 b3 24. axb3 Bxc6 25. b4 Qxe5 26. Bxc6 Rd2 27. Qh4 Qxb2 28. Qe4 a6 29. Rb1 Qc3 30. Rec1 Qa3 31. Rf1 Rd6 32. Bb7 Rcd8 33. Ra1 Qb2 34. Bxa6 f5 35. Qc4 Kh7 36. b5 Rd2 37. Bb7 e5 38. Qf7 R8d6 39. Qxf5+ Rg6 40. Qh3 Rg5 41. Be4+ g6 42. Ra7+ 1-0

[Event "51st La Roda Open 2025"]
[Site "La Roda"]
[Date "2025.04.18"]
[Round "6.11"]
[White "Martinez Herranz, Francisco Jose"]
[Black "Garcia Jimenez, Santiago"]
[Result "1/2-1/2"]
[Annotator "ChessBase"]
[ECO "C41"]
[WhiteElo "2050"]
[BlackElo "2241"]
[PlyCount "161"]
[EventDate "2025.04.15"]
[EventType "swiss"]
[EventCountry "ESP"]
[SourceTitle "playchess.com"]
[Source "ChessBase"]
[SourceQuality "1"]
[TimeControl "5400+30"]

1. e4 e5 2. Nc3 Nf6 3. Nf3 d6 4. d4 Nbd7 5. a4 Be7 6. Bc4 O-O 7. O-O c6 8. Re1 h6 9. h3 Re8 10. Bf1 Bf8 11. b3 Qc7 12. a5 exd4 13. Qxd4 Ne5 14. Nxe5 dxe5 15. Qa4 Nd7 16. b4 Qd6 17. Ba3 Qe6 18. Nd1 b5 19. Qb3 Qxb3 20. cxb3 Nb8 21. Rc1 Be6 22. Re3 Rd8 23. Nb2 Rd2 24. Rd3 Rxd3 25. Nxd3 f6 26. Rc3 Kf7 27. g3 Bd6 28. f4 Ke7 29. Kf2 g5 30. f5 Bf7 31. Be2 Be8 32. Ke3 Na6 33. Rc2 Rd8 34. Rd2 Bf7 35. Bd1 Rc8 36. Rb2 Rc7 37. Rd2 Rd7 38. Ke2 Rc7 39. Ke3 c5 40. bxc5 Nxc5 41. Nb4 Nb7 42. a6 Bc5+ 43. Ke2 Na5 44. Rb2 Ke8 45. Bc2 Bd4 46. Rb1 Rc3 47. Bd3 Bxb3 48. Bb2 Rc5 49. Rc1 Bc4 50. Bxd4 exd4 51. Rb1 Nc6 52. Nd5 Bxd3+ 53. Kxd3 Kf7 54. Rb3 h5 55. h4 g4 56. Nf4 b4 57. Nxh5 Rc3+ 58. Rxc3 bxc3 59. Nf4 Ke7 60. Nd5+ Kf7 61. Nf4 Kg8 62. Nd5 Kg7 63. Nf4 Kh6 64. Nd5 Ne5+ 65. Kc2 Kg7 66. Nf4 Nf3 67. Ne6+ Kh6 68. Nf4 Ne1+ 69. Kd1 c2+ 70. Kd2 d3 71. Kc1 Kg7 72. Kd2 Nf3+ 73. Kc1 Ne5 74. Ne6+ Kf7 75. Nf4 Kg8 76. Kd2 Nc4+ 77. Kc1 Ne5 78. Kd2 Kf7 79. Kc1 Ke7 80. Ng6+ Nxg6 81. fxg6 1/2-1/2

[Event "51st La Roda Open 2025"]
[Site "La Roda"]
[Date "2025.04.18"]
[Round "6.12"]
[White "Juan Lepp, Jaime Boris"]
[Black "Nomindalai Tumurbaatar"]
[Result "1/2-1/2"]
[Annotator "ChessBase"]
[ECO "B90"]
[WhiteElo "2015"]
[BlackElo "2211"]
[PlyCount "69"]
[EventDate "2025.04.15"]
[EventType "swiss"]
[EventCountry "ESP"]
[SourceTitle "playchess.com"]
[Source "ChessBase"]
[SourceQuality "1"]
[TimeControl "5400+30"]

1. e4 c5 2. Nf3 d6 3. d4 cxd4 4. Nxd4 Nf6 5. Nc3 a6 6. h3 g6 7. g4 h5 8. g5 Nh7 9. h4 Bg7 10. Bg2 Nc6 11. Be3 Bg4 12. f3 Bd7 13. Qd2 Rc8 14. Nd5 Ne5 15. b3 O-O 16. O-O e6 17. Nf4 Qc7 18. Rad1 Rfd8 19. Bh3 Nf8 20. Qf2 b5 21. Nfe2 Nc6 22. Nxc6 Qxc6 23. Rd2 d5 24. exd5 exd5 25. Bxd7 Qxd7 26. Rfd1 Qf5 27. Ng3 Qh3 28. Ne2 Ne6 29. Nd4 Bxd4 30. Bxd4 Nxd4 31. Rxd4 Qf5 32. R4d3 b4 33. Kg2 d4 34. R1d2 Rd5 35. Rxd4 1/2-1/2

[Event "51st La Roda Open 2025"]
[Site "La Roda"]
[Date "2025.04.18"]
[Round "6.13"]
[White "Vinals Rioja, Jaume"]
[Black "Vehi Bach, Victor Manuel"]
[Result "1/2-1/2"]
[Annotator "ChessBase"]
[ECO "A45"]
[WhiteElo "1928"]
[BlackElo "2178"]
[PlyCount "61"]
[EventDate "2025.04.15"]
[EventType "swiss"]
[EventCountry "ESP"]
[SourceTitle "playchess.com"]
[Source "ChessBase"]
[SourceQuality "1"]
[TimeControl "5400+30"]

1. d4 Nf6 2. Bg5 e6 3. e4 h6 4. Bxf6 Qxf6 5. c3 d6 6. Bd3 g6 7. Ne2 Bg7 8. O-O O-O 9. f4 Qe7 10. Nd2 Nd7 11. Nf3 e5 12. Qc2 b6 13. Rae1 Bb7 14. dxe5 dxe5 15. f5 Nf6 16. fxg6 fxg6 17. Ng3 Kh7 18. Kh1 Rad8 19. Bc4 Rd7 20. Rd1 Rfd8 21. Rxd7 Rxd7 22. Qe2 a5 23. Bb3 Rd6 24. h4 Bc8 25. h5 Nxh5 26. Nxh5 gxh5 27. Qc4 Be6 28. Qe2 Bc8 29. Nh2 Qf6 30. Qxh5 Qd8 31. Qf3 1/2-1/2

[Event "51st La Roda Open 2025"]
[Site "La Roda"]
[Date "2025.04.18"]
[Round "6.14"]
[White "Rumbos Garcia, Alejandro Daniel"]
[Black "Diaz Rodriguez, Jose Antonio"]
[Result "1-0"]
[Annotator "ChessBase"]
[ECO "A31"]
[WhiteElo "2178"]
[BlackElo "2006"]
[PlyCount "65"]
[EventDate "2025.04.15"]
[EventType "swiss"]
[EventCountry "ESP"]
[SourceTitle "playchess.com"]
[Source "ChessBase"]
[SourceQuality "1"]
[TimeControl "5400+30"]

1. c4 c5 2. Nf3 Nf6 3. d4 cxd4 4. Nxd4 e5 5. Nb5 d5 6. cxd5 Bb4+ 7. Bd2 Nxd5 8. e4 Bxd2+ 9. Nxd2 Nf6 10. Nc4 Qxd1+ 11. Rxd1 Na6 12. Nbd6+ Ke7 13. Nxe5 Nc5 14. f3 Be6 15. b4 Ncd7 16. Nxd7 Nxd7 17. Bb5 Ne5 18. f4 a6 19. Be2 Nc6 20. a3 b5 21. e5 Rad8 22. Bf3 Nb8 23. O-O f5 24. Rc1 Rd7 25. Rc5 Rhd8 26. Re1 g6 27. h3 Rf8 28. Rec1 Rfd8 29. Bb7 Bg8 30. Bc8 Ra7 31. Rc7+ Rxc7 32. Rxc7+ Kf8 33. Kf2 1-0

[Event "51st La Roda Open 2025"]
[Site "La Roda"]
[Date "2025.04.18"]
[Round "6.16"]
[White "Ruiz Sotoca, Jose Francisco"]
[Black "Rodriguez Rivera, Pedro"]
[Result "0-1"]
[Annotator "NA"]
[ECO "A55"]
[WhiteElo "1865"]
[BlackElo "2127"]
[PlyCount "60"]
[EventDate "2025.04.15"]
[EventType "swiss"]
[EventCountry "ESP"]
[SourceTitle "playchess.com"]
[Source "ChessBase"]
[SourceQuality "1"]
[TimeControl "5400+30"]

1. d4 Nf6 2. Nf3 d6 3. c4 Nbd7 4. Nc3 e5 5. e4 Be7 6. Bd3 c6 7. O-O O-O 8. Re1 a6 9. a4 a5 10. Ne2 exd4 11. Nexd4 Nc5 12. Bc2 Re8 13. Bf4 g6 14. Ra3 Bf8 15. Rae3 Ng4 16. R3e2 Bg7 17. e5 dxe5 18. Nxe5 Nxe5 19. Bxe5 Bg4 20. Bf6 Qd7 21. Bxg7 Bxe2 22. Rxe2 Kxg7 23. Rd2 Qe7 24. Nf3 Rad8 25. h3 Qf6 26. Rxd8 Qxd8 27. Qa1 Qf6 28. Qa3 Na6 29. Qb3 Nb4 30. Bb1 Re2 0-1

[Event "51st La Roda Open 2025"]
[Site "La Roda"]
[Date "2025.04.18"]
[Round "6.17"]
[White "Portero Rubio, Martin"]
[Black "Amoes, Francisco"]
[Result "0-1"]
[Annotator "ChessBase"]
[ECO "C54"]
[WhiteElo "2125"]
[BlackElo "1875"]
[PlyCount "80"]
[EventDate "2025.04.15"]
[EventType "swiss"]
[EventCountry "ESP"]
[SourceTitle "playchess.com"]
[Source "ChessBase"]
[SourceQuality "1"]
[TimeControl "5400+30"]

1. e4 e5 2. Nf3 Nc6 3. Bc4 Nf6 4. d3 Bc5 5. c3 a6 6. a4 d6 7. O-O Ba7 8. Re1 Ng4 9. Rf1 Qe7 10. Nbd2 O-O 11. h3 Nh6 12. Re1 Kh8 13. Nf1 f5 14. Bxh6 gxh6 15. exf5 Bxf5 16. Ng3 Bxh3 17. gxh3 Qf6 18. Kg2 Ne7 19. d4 Ng6 20. Re4 Nf4+ 21. Kh2 d5 22. dxe5 Qb6 23. Rd4 dxc4 24. Qd2 Ne6 25. Kg2 Qc6 26. Qe3 Bxd4 27. cxd4 Ng5 28. Rd1 Rxf3 29. d5 Rxe3 30. dxc6 Rd3 31. cxb7 Rb8 32. Re1 Ne6 33. Rc1 Rxb7 34. Rxc4 Rxb2 35. Rc6 Nf4+ 36. Kg1 Nxh3+ 37. Kh2 Nxf2 38. e6 Ne4+ 39. Kg1 Rd1+ 40. Nf1 Ng3 0-1

[Event "51st La Roda Open 2025"]
[Site "La Roda"]
[Date "2025.04.18"]
[Round "6.18"]
[White "Perez Travieso, Saul"]
[Black "Leiva Raya, Nicolas"]
[Result "0-1"]
[Annotator "ChessBase"]
[ECO "E05"]
[WhiteElo "2111"]
[BlackElo "1831"]
[PlyCount "106"]
[EventDate "2025.04.15"]
[EventType "swiss"]
[EventCountry "ESP"]
[SourceTitle "playchess.com"]
[Source "ChessBase"]
[SourceQuality "1"]
[TimeControl "5400+30"]

1. Nf3 Nf6 2. c4 e6 3. g3 d5 4. Bg2 Be7 5. O-O O-O 6. d4 dxc4 7. Qc2 b6 8. Qxc4 Ba6 9. Qc2 Nd5 10. Nc3 Nd7 11. Nxd5 exd5 12. Bf4 c5 13. dxc5 bxc5 14. Rfd1 Nb6 15. Ne5 Bf6 16. Nd3 Bxd3 17. Rxd3 Rc8 18. g4 g6 19. Rad1 c4 20. Ra3 Qd7 21. g5 Be7 22. Rg3 Rc6 23. h4 f5 24. Bf3 Qe6 25. Kg2 Bd6 26. Qd2 Bxf4 27. Qxf4 Re8 28. h5 Qe5 29. Qh4 c3 30. hxg6 Rxg6 31. Bh5 c2 32. Bxg6 hxg6 33. Rh1 d4 34. Qh7+ Kf8 35. Qh8+ Qxh8 36. Rxh8+ Kg7 37. Rh1 Nd5 38. Rc1 Rxe2 39. Kf1 Nf4 40. Ra3 d3 41. Rxa7+ Kf8 42. Rc7 d2 43. R7xc2 dxc1=Q+ 44. Rxc1 Rxf2+ 45. Kxf2 Nd3+ 46. Ke3 Nxc1 47. a3 Ke7 48. b4 Kd6 49. a4 Na2 50. b5 Kc5 51. Kf4 Nc3 52. Ke5 Ne4 53. Kf4 Kb6 0-1

[Event "51st La Roda Open 2025"]
[Site "La Roda"]
[Date "2025.04.19"]
[Round "7.1"]
[White "Pranav Vijay"]
[Black "Lopez Martinez, Josep Manuel"]
[Result "1/2-1/2"]
[Annotator "RC"]
[ECO "C54"]
[WhiteElo "2252"]
[BlackElo "2460"]
[PlyCount "42"]
[EventDate "2025.04.15"]
[EventType "swiss"]
[EventCountry "ESP"]
[SourceTitle "playchess.com"]
[Source "ChessBase"]
[SourceQuality "1"]
[TimeControl "5400+30"]

1. e4 e5 2. Nf3 Nc6 3. Bc4 Bc5 4. c3 Nf6 5. d3 d6 6. b4 Bb6 7. a4 a6 8. O-O O-O 9. Nbd2 Ne7 10. Re1 Ng6 11. Nf1 c6 12. Bb3 Re8 13. Ng3 h6 14. a5 Ba7 15. Be3 Bxe3 16. fxe3 d5 17. exd5 cxd5 18. d4 Qc7 19. dxe5 Nxe5 20. Nxe5 Qxe5 21. c4 dxc4 1/2-1/2

[Event "51st La Roda Open 2025"]
[Site "La Roda"]
[Date "2025.04.19"]
[Round "7.2"]
[White "Fier, Alexandr"]
[Black "Gumularz, Szymon"]
[Result "1/2-1/2"]
[Annotator "TA"]
[ECO "C41"]
[WhiteElo "2534"]
[BlackElo "2604"]
[PlyCount "35"]
[EventDate "2025.04.15"]
[EventType "swiss"]
[EventCountry "ESP"]
[SourceTitle "playchess.com"]
[Source "ChessBase"]
[SourceQuality "1"]
[TimeControl "5400+30"]

1. e4 d6 2. d4 Nf6 3. Nc3 e5 4. Nf3 Nbd7 5. Be2 Be7 6. O-O O-O 7. Re1 c6 8. a4 Re8 {[%emt 0:00:48] C41: Philidor Defence.} 9. a5 Bf8 10. Bf1 exd4 11. Nxd4 {[%emt 0:02:26] An uneventful encounter.   Weighted Error Value: White=0.11 (very precise) /Black=0.09 (flawless)   Inaccurate:     	---       	Black=1      OK:         	---       	Black=1} Nc5 $146 12. f3 d5 13. e5 Nfd7 14. f4 f6 15. e6 Nb8 16. f5 Ne4 17. Nxe4 dxe4 18. Rxe4 {1-0 Duda,J (2732)-Sanal,V (2567) Titled Tuesday intern op 13th Feb Early blitz 2024 (7)} 1/2-1/2

[Event "51st La Roda Open 2025"]
[Site "La Roda"]
[Date "2025.04.19"]
[Round "7.3"]
[White "Albornoz Cabrera, Carlos Daniel"]
[Black "Sierra Vallina, Lionel"]
[Result "1/2-1/2"]
[Annotator "TA"]
[ECO "B60"]
[WhiteElo "2561"]
[BlackElo "2342"]
[PlyCount "49"]
[EventDate "2025.04.15"]
[EventType "swiss"]
[EventCountry "ESP"]
[SourceTitle "playchess.com"]
[Source "ChessBase"]
[SourceQuality "1"]
[TimeControl "5400+30"]

1. e4 c5 2. Nf3 d6 3. d4 cxd4 4. Nxd4 Nf6 5. Nc3 Nc6 6. Bg5 Bd7 7. Nxc6 {[%emt 0:01:22] B60: Sicilian: Richter-Rauzer: Unusual Black 6th moves and 6...Bd7 without 7 Qd2.} Bxc6 8. Bb5 Bxb5 9. Bxf6 $1 {[%emt 0:00:05] White is slightly better.} gxf6 10. Nxb5 Qa5+ 11. Nc3 e6 12. O-O Be7 13. Qd3 O-O-O 14. b4 $146 (14. a4 Rhg8 15. Qb5 Qc7 16. Qh5 Rg7 17. Rad1 Qc5 18. Qxc5+ dxc5 19. Rxd8+ Kxd8 20. Rd1+ {1-0 Karsten,J (2286)-Gu,X (2344) Dubai Police op-A 2024 (4)}) 14... Qxb4 15. Rab1 Qc5 16. Rb5 Qc6 17. Rfb1 {[%emt 0:00:47] [#]} Rd7 18. Ne2 {[%emt 0:08:15] and Nd4 would now be decisive} (18. Ra5 $5 Kb8 19. Ra6 $11) 18... d5 19. exd5 {[%emt 0:19:26] The position is equal.} Rxd5 20. Rxd5 Qxd5 21. Qxd5 exd5 $11 {[%emt 0:00:05] KRB-KRN. Black is a pawn up.} 22. Rb3 Re8 23. Kf1 Bf8 24. Rd3 Re4 25. Nd4 {[%emt 0:10:55] Weighted Error Value: White=0.11 (very precise) /Black=0.06 (flawless)   Mistake:       	White=1     	---        Inaccurate:     	White=3     	Black=2      OK:         	White=4     	Black=7      Best:        	White=2     	Black=1      Strong:       	White=1     	---} (25. Nc3 $11 {should be considered.} Rc4 26. Nxd5) 1/2-1/2